 Dungeon Crawl Stone Soup version 0.31-a0-236-g9a0961fb85 (webtiles) character file.

Game seed: 10536939733378930910

2944 arthad the Digger (level 9, -21/52 HPs)
             Began as a Gargoyle Earth Elementalist on July 10, 2023.
             Was a Believer of Vehumet.
             Killed by an exploding orc warlord (38 damage)
             ... ignited by their inner flame
             ... in a bailey.
             The game lasted 00:20:45 (5683 turns).

arthad the Digger (Gargoyle Earth Elementalist)     Turns: 5683, Time: 00:20:46

Health: -21/52     AC:  9    Str: 13    XL:     9   Next: 80%
Magic:  2/15       EV: 17    Int: 19    God:    Vehumet [**....]
Gold:   319        SH:  0    Dex: 10    Spells: 12/16 levels left

rFire   . . .        e - +1 rapier (elec)
rCold   . . .        (no shield)
rNeg    + . .        a - +0 robe
rPois   ∞            u - +0 helmet
rElec   +            (no cloak)
rCorr   .            (no gloves)
SInv    .            (no boots)
Will    +....        m - amulet of magic regeneration
Stlth   +++          A - +5 ring of evasion
HPRegen 0.28/turn    p - ring of willpower
MPRegen 0.54/turn

%: no passive effects
@: no status effects
A: sickness immunity, AC +6, negative energy resistance 1, electricity
resistance, torment resistance 1, petrification resistance
a: Renounce Religion


You were in a bailey.
You worshipped Vehumet.
Vehumet was pleased with you.
You visited 2 branches of the dungeon, and saw 8 of its levels.
You also visited: Bailey.

You collected 319 gold pieces.

Inventory:

Hand Weapons
 c - a +7 battleaxe
 e - a +1 rapier of electrocution (weapon)
 j - a +2 scimitar
 F - a +1 dagger of venom
 H - a +0 broad axe
Missiles
 s - 13 poisoned darts
Armour
 a - a +0 robe (worn)
 u - a +0 helmet (worn)
Jewellery
 d - a ring of resist corrosion
 m - an amulet of magic regeneration (around neck)
 p - a ring of willpower (right hand)
 A - a +5 ring of evasion (left hand)
Wands
 D - a wand of flame (15)
Scrolls
 g - 2 scrolls of teleportation
 h - 2 scrolls of revelation
 i - 4 scrolls of fear {unknown}
 q - 2 scrolls of enchant armour
 r - a scroll of silence
 v - 2 scrolls of enchant weapon
 y - a scroll of immolation
 z - a scroll of noise
 B - a scroll of vulnerability
 J - a scroll of summoning {unknown}
Potions
 b - a potion of magic
 f - a potion of heal wounds {unknown}
 k - 4 potions of degeneration {unknown}
 l - 2 potions of mutation {unknown}
 n - a potion of resistance {unknown}
 o - 5 potions of curing {unknown}
 t - 2 potions of cancellation {unknown}
 w - a potion of lignification {unknown}
 x - 2 potions of attraction {unknown}
 C - a potion of berserk rage {unknown}
 E - a potion of might {unknown}
 I - a potion of haste {unknown}


   Skills:
 + Level 4.2 Fighting
 + Level 3.5 Short Blades
 + Level 3.9 Dodging
 + Level 5.5 Stealth
 + Level 4.3 Spellcasting
 * Level 6.0 Conjurations
 + Level 3.5 Transmutations
 * Level 7.9 Earth Magic


You had 12 spell levels left.
You knew the following spells:

 Your Spells              Type           Power      Damage    Failure   Level
a - Sandblast             Erth           68%        2d15      1%          1
b - Stone Arrow           Conj/Erth      60%        3d10      2%          3

Your spell library contained the following spells:

 Spells                   Type           Power      Damage    Failure   Level
 Momentum Strike          Conj/Tloc      30%        3d8       6%          2
 Passwall                 Tmut/Erth      20%        N/A       1%          2
 Foxfire                  Conj/Fire      60%        2x1d7     3%          1
 Petrify                  Tmut/Erth      25%        N/A       12%         4
 Necrotise                Necr           16%        1d4       13%         1
 Summon Small Mammal      Summ           16%        N/A       13%         1
 Call Canine Familiar     Summ           4%         N/A       36%         3
 Inner Flame              Hex/Fire       4%         N/A       36%         3
 Summon Guardian Golem    Hex/Summ       4%         N/A       36%         3
 Vampiric Draining        Necr           4%         2d6       36%         3
 Fireball                 Conj/Fire      7%         3d5       71%         5
 Yara's Violent Unravell  Hex/Tmut       5%         3d4       87%         5
 Agony                    Necr           4%         N/A       98%         5
 Starburst                Conj/Fire      7%         6d4       99%         6
 Plasma Beam              Fire/Air       2%         2x1d12    100%        6
 Enfeeble                 Hex            2%         N/A       100%        7


Dungeon Overview and Level Annotations

Branches:
Dungeon (7/15)             Temple (1/1) D:6          Bailey (1/1)

Altars:
Ashenzari
Cheibriados
Dithmenos
Elyvilon
Fedhas
Gozag
Hepliaklqana
Kikubaaqudgha
Makhleb
Nemelex Xobeh
Qazlal
Ru
Sif Muna
Trog
Uskayaw
Vehumet
Wu Jian
Xom
Yredelemnul
Zin
The Shining One

Shops:
D:2 *   D:3 :   D:4 ?


Innate Abilities, Weirdness & Mutations

You are immune to sickness and miasma.
Your stone body is resilient. (AC +6)
You are immune to poison.
You resist negative energy. (rN+)
You are resistant to electric shocks. (rElec)
You are resistant to unholy torment.
You are immune to petrification.


Message History

Flame seeps out of the orc warlord.
Casting: Stone Arrow (dangerous; 2% risk of failure)
Confirm with . or Enter, or press ? or * to list all spells.
Aiming: Stone Arrow (dangerous; 2% risk of failure)
Press: ? - help, Shift-Dir - straight line, f/p - orc warlord
Aim: an orc warlord, wielding a +4 broad axe and wearing a +0 plate armour (flame, moderately wounded, inner flame, 84% to hit)
The stone arrow hits the orc warlord.
Flame seeps out of the orc warlord.
The orc warlord is moderately wounded.
The orc warlord is engulfed in blazing flames.
Flame seeps out of the orc warlord.
Casting: Stone Arrow (dangerous; 2% risk of failure)
Confirm with . or Enter, or press ? or * to list all spells.
Aiming: Stone Arrow (dangerous; 2% risk of failure)
Press: ? - help, Shift-Dir - straight line, f/p - orc warlord
Aim: an orc warlord, wielding a +4 broad axe and wearing a +0 plate armour (heavily wounded, inner flame, 84% to hit)
The stone arrow hits the orc warlord!
Flame seeps out of the orc warlord.
The orc warlord is heavily wounded.
The orc warlord is engulfed in blazing flames.
Flame seeps out of the orc warlord.
Casting: Stone Arrow (dangerous; 2% risk of failure)
Confirm with . or Enter, or press ? or * to list all spells.
Aiming: Stone Arrow (dangerous; 2% risk of failure)
Press: ? - help, Shift-Dir - straight line, f/p - orc warlord
Aim: an orc warlord, wielding a +4 broad axe and wearing a +0 plate armour (severely wounded, inner flame, 84% to hit)
The stone arrow hits the orc warlord!
Flame seeps out of the orc warlord.
The orc warlord is almost dead.
The orc warlord is engulfed in blazing flames.
Flame seeps out of the orc warlord.
The orc warlord hits you with a +4 broad axe!!
Casting: Stone Arrow (dangerous; 2% risk of failure)
Confirm with . or Enter, or press ? or * to list all spells.
Aiming: Stone Arrow (dangerous; 2% risk of failure)
Press: ? - help, Shift-Dir - straight line, f/p - orc warlord
Aim: an orc warlord, wielding a +4 broad axe and wearing a +0 plate armour (flame, almost dead, inner flame, 84% to hit)
The stone arrow hits the orc warlord!
Vehumet accepts your kill.
The orc warlord explodes!
The fiery explosion engulfs you!!!
Ouch! That really hurt!
You die...

#...........#.)..
#...........#....
###)).......###...
###.#'#.....###.###.
###.....###.###...
## ##.........###
.... #..........8#
.....
#.....§§§§.8#o.)...
#∩....@○°§)☼go..go.
#.....§§.§○8#..oo..
#..........8# .....
##.........### ....
###....)###.###...
##
###.#)#.....###.###.
###.[.......###...
#..........)#....
#...........#....


You could see 2 orcs and a goblin (inner flame).

Vanquished Creatures
  An orc warlord (Bailey)
  Grinder (D:6)
  Menkaure (D:6)
  3 black bears
  2 sky beasts (D:6)
  8 orc warriors (Bailey)
  2 ogres
  3 centaurs
  2 phantoms
  A kobold brigand (D:6)
  Blork the orc (D:6)
  3 wights (D:7)
  A hound (D:5)
  Terence (D:3)
  Natasha (thrice) (D:2)
  2 iguanas (D:6)
  An orc wizard (D:5)
  3 sleepcaps
  7 gnolls
  14 adders
  2 worms
  3 dart slugs
  13 orcs
  6 ball pythons
  9 endoplasms
  6 giant cockroaches
  17 goblins
  20 hobgoblins
  13 kobolds
  7 bats
  5 rats
161 creatures vanquished.

Notes
Turn   | Place    | Note
-------+----------+-------------------------------------------
     0 | D:1      | arthad the Gargoyle Earth Elementalist began the quest for
                  | the Orb.
     0 | D:1      | Reached XP level 1. HP: 10/10 MP: 3/3
   133 | D:1      | Reached skill level 1 in Transmutations
   133 | D:1      | Reached XP level 2. HP: 15/15 MP: 0/5
   435 | D:1      | Reached XP level 3. HP: 19/19 MP: 4/6
   559 | D:1      | Reached skill level 4 in Earth Magic
   804 | D:1      | You fall into a shaft and drop 1 floor!
   984 | D:2      | Reached XP level 4. HP: 22/24 MP: 1/7
  1291 | D:2      | Learned a level 3 spell: Stone Arrow
  1492 | D:2      | Found Kacuett's General Store.
  1589 | D:2      | Noticed Natasha
  1592 | D:2      | Killed Natasha
  1593 | D:2      | Reached XP level 5. HP: 25/28 MP: 5/8
  1769 | D:2      | Noticed Natasha
  1774 | D:2      | Killed Natasha
  1775 | D:2      | Reached skill level 1 in Fighting
  1806 | D:2      | Noticed Natasha
  1909 | D:2      | Killed Natasha
  1910 | D:2      | Reached skill level 1 in Short Blades
  1910 | D:2      | Reached skill level 1 in Conjurations
  1917 | D:3      | Noticed Terence
  1923 | D:3      | Killed Terence
  2095 | D:3      | Reached XP level 6. HP: 34/34 MP: 8/10
  2232 | D:3      | Found Nucifux's Book Boutique.
  2273 | D:3      | Found a basalt altar of Yredelemnul.
  2273 | D:3      | Found a shimmering altar of Xom.
  2437 | D:4      | Noticed a black bear
  2442 | D:4      | Killed a black bear
  2498 | D:4      | Reached skill level 5 in Earth Magic
  2830 | D:4      | Reached XP level 7. HP: 34/39 MP: 8/11
  2912 | D:4      | Found Diorch's Magic Scroll Emporium.
  3136 | D:5      | Entered Level 5 of the Dungeon
  4018 | D:6      | Noticed Grinder
  4018 | D:6      | Found a staircase to the Ecumenical Temple.
  4048 | D:6      | Reached XP level 8. HP: 34/45 MP: 8/12
  4049 | D:6      | Noticed Menkaure
  4211 | D:6      | Killed Grinder
  4212 | D:6      | Reached skill level 6 in Earth Magic
  4249 | Temple   | Entered the Ecumenical Temple
  4505 | Temple   | Became a worshipper of Vehumet
  4523 | D:6      | Killed Menkaure
  4604 | D:6      | Noticed Blork the orc
  4609 | D:6      | Killed Blork the orc
  4863 | D:6      | Reached XP level 9. HP: 51/51 MP: 12/14
  4972 | D:6      | Reached skill level 5 in Stealth
  4972 | D:6      | Reached skill level 5 in Conjurations
  4972 | D:6      | Reached skill level 7 in Earth Magic
  5208 | D:7      | Found a flagged portal.
  5220 | D:7      | Reached * piety under Vehumet
  5220 | D:7      | Offered knowledge of Shock by Vehumet.
  5292 | Bailey   | Entered a bailey
  5617 | Bailey   | Reached ** piety under Vehumet
  5620 | Bailey   | Offered knowledge of Momentum Strike by Vehumet.
  5670 | Bailey   | Noticed an orc warlord
  5683 | Bailey   | Killed an orc warlord
  5683 | Bailey   | Killed by an exploding orc warlord... ignited by their
                  | inner flame

Illustrated notes

Levels and vault maps discovered:
D:1:      elethiomel_arrival_shortcut, layout_rooms,
          chequers_serial_rivers_large_b
D:2:      layout_rooms, serial_corexii_hall, chequers_hall_statues_corner_a,
          corexii_hall_statues_x, corexii_hall_statues_deadend, serial_shops,
          nicolae_shop_hallway_plus, uniq_natasha
D:3:      layout_rooms, gammafunk_temple_overflow_pools, serial_shops,
          nicolae_shop_peninsula, uniq_terence
D:4:      layout_loops_ring, serial_shops, shop
D:5:      layout_basic, grunt_ministairs_15
D:6:      black_bear_nest_1, layout_cave_pools, minmay_temple_entry_mist,
          uniq_grinder, uniq_menkaure, uniq_blork_the_orc
D:7:      layout_basic, enter_bailey_5, minivault_14,
          chequers_serial_rivers_room_a, serial_bayou_pond_d,
          uniq_crazy_yiuf_cottage
Temple:   compressed_dpeg_triangle_lava_temple
Bailey:   bailey_axe_minmay_hex_keep, bailey

Skill      XL: |  1  2  3  4  5  6  7  8  9 |
---------------+----------------------------+-----
Transmutations | 1 2 3 |  3.5
Earth Magic    | 4 5 6 7 |  7.9
Dodging        | 2 3 |  3.9
Stealth        | 3 4 5 |  5.5
Fighting       | 1 2 3 4 |  4.2
Short Blades   | 1 2 3 |  3.5
Conjurations   | 1 2 3 4 6 |  6.0
Spellcasting   | 3 4 |  4.3

Action                     |  1- 3 |  4- 6 |  7- 9 || total
---------------------------+-------+-------+-------++-------
  Melee: Unarmed           |    26 |       |       ||    26
         Punch             |     1 |       |       ||     1
         Rapier            |       |    10 |       ||    10
  Throw: Dart              |       |     1 |     5 ||     6
   Cast: Sandblast         |    46 |    80 |   173 ||   299
         Stone Arrow       |       |     5 |    25 ||    30
  Evoke: Wand              |       |       |     1 ||     1
    Use: Scroll            |       |       |    12 ||    12
 Armour: Robe              |    15 |    10 |    30 ||    55
  Dodge: Dodged            |    30 |    40 |   104 ||   174

Table legend: (Time is in decaauts)
 A = Elapsed time spent in this place.
 B = Non-inter-level travel time spent in this place.
 C = Inter-level travel time spent in this place.
 D = Time resting spent in this place.
 E = Time spent auto-exploring this place.
 F = Levels seen in this place.
 G = Mean time per level.
                   A        B        C        D        E       F      G
               +--------+--------+--------+--------+--------+-----+--------+
         Total |   5867 |   5649 |    218 |     99 |   4458 |   9 |  651.9 |
       Dungeon |   5174 |   4971 |    203 |     99 |   3978 |   7 |  739.1 |
        Temple |    269 |    254 |     15 |      0 |    227 |   1 |  269.0 |
        Bailey |    422 |    422 |      0 |      0 |    253 |   1 |  422.0 |
               +--------+--------+--------+--------+--------+-----+--------+

Top non-repeatable levels by time:
     D:1: 1119 daAuts
     D:5: 1042 daAuts
     D:2: 871 daAuts
     D:6: 721 daAuts
     D:4: 716 daAuts
     D:3: 528 daAuts
  Bailey: 422 daAuts
  Temple: 269 daAuts
     D:7: 174 daAuts
